Map: Вечная империя РВ

Players

Doll

  • Race: Zerg Zerg
  • Spawn Location: 7:00

ИИ 1 (эксперт) - Winner!

  • Race: Terran Terran
  • Spawn Location: 1:00

VOD

Have the link to the VOD?

Description

Time

  • Played on: July 29, 2020, 10:38 a.m.
  • Length: 7:52
Show
View Real Time Build Order
Export as new Build Order

Doll Zerg 

Build Orders: Pool First, Muta Ling Bane 

Get SALT Encoding   

  12  0:01  Drone  
  13  0:13  Overlord  
  13  0:17  Drone  
  14  0:31  Drone  
  14  0:32  Drone  
  17  0:35  Drone  
  17  0:47  Spawning Pool  
  16  1:09  Hatchery  
  16  1:11  Extractor, Drone  
  14  1:16  Drone  
  16  1:20  Extractor, Drone  
  16  1:24  Drone  
  17  1:35  Zergling x2  
  17  1:39  Queen  
  20  1:44  Zergling x2  
  21  1:54  Overlord  
  21  2:06  Drone  
  22  2:16  Lair  
  22  2:18  Drone  
  22  2:22  Drone  
  24  2:27  Drone  
  25  2:32  Drone  
  26  2:38  Drone  
  26  2:42  Drone  
  28  2:48  Drone x2  
  28  2:49  Drone  
  31  2:52  Drone  
  31  2:57  Drone  
  33  3:01  Drone  
  33  3:05  Overlord  
  34  3:19  Spire  
  33  3:23  Queen  
  33  3:26  Drone  
  36  3:28  Drone  
  36  3:31  Zergling x2  
  36  3:32  Zergling x2  
  39  3:35  Zergling x2  
  39  3:38  Drone  
  39  3:39  Drone  
  42  3:41  Drone  
  42  3:47  Overlord  
  43  3:50  Drone  
  44  3:58  Overlord  
  44  4:05  Extractor  
  44  4:07  Extractor, Drone  
  44  4:08  Drone x4  
  47  4:12  Drone  
  48  4:17  Baneling Nest  
  48  4:19  Drone  
  48  4:20  Drone  
  49  4:32  Mutalisk  
  49  4:33  Mutalisk x3  
  49  4:35  Mutalisk  
  59  4:39  Overlord  
  59  4:44  Overlord  
  59  4:47  Drone  
  60  4:59  Mutalisk x2  
  64  5:00  Roach Warren  
  64  5:02  Baneling x2  
  64  5:03  Baneling  
  64  5:04  Baneling  
  64  5:06  Mutalisk  
  63  5:10  Mutalisk  
  63  5:13  Drone  
  68  5:16  Overlord  
  68  5:18  Overseer  
  68  5:22  Drone  
  68  5:23  Drone  
  68  5:28  Centrifical Hooks  
  72  5:42  Roach  
  72  5:45  Roach  
  72  5:46  Hatchery  
  72  5:48  Roach  
  75  5:51  Roach  
  75  5:54  Roach  
  79  5:57  Overlord  
  79  6:00  Roach  
  79  6:03  Roach  
  83  6:04  Drone  
  83  6:10  Evolution Chamber  
  83  6:12  Evolution Chamber  
  83  6:14  Drone  
  83  6:15  Drone  
  83  6:18  Mutalisk  
  84  6:19  Mutalisk  
  84  6:22  Drone  
  89  6:26  Drone x2  
  89  6:28  Drone  
  89  6:31  Baneling  
  89  6:32  Baneling x3  
  92  6:33  Baneling  
  92  6:36  Overlord  
  92  6:54  Overlord  
  92  6:59  Hydralisk Den, Drone x3  
Show
View Real Time Build Order
Export as new Build Order

ИИ 1 (эксперт) Terran - Winner!

Build Orders:  

Get SALT Encoding   

  12  0:00  SCV  
  13  0:13  SCV  
  14  0:18  Supply Depot  
  14  0:25  SCV  
  15  0:40  SCV  
  15  0:42  Barracks  
  16  0:52  SCV  
  17  1:04  SCV  
  18  1:16  SCV  
  19  1:19  Command Center  
  19  1:29  Marine  
  20  1:34  Orbital Command  
  20  1:47  Marine, Supply Depot  
  20  1:52  Refinery  
  21  1:59  SCV  
  22  2:05  Marine  
  23  2:11  SCV, Barracks  
  24  2:17  Refinery  
  24  2:23  Marine, SCV  
  26  2:31  Supply Depot, SCV  
  27  2:45  Orbital Command  
  27  2:48  Marine  
  27  2:50  SCV  
  29  3:02  Factory  
  29  3:03  SCV  
  29  3:05  Marine  
  30  3:08  Marine  
  30  3:12  SCV  
  33  3:15  SCV  
  34  3:23  Marine  
  34  3:24  SCV  
  34  3:26  Marine  
  37  3:27  SCV  
  37  3:31  Barracks  
  38  3:36  SCV  
  38  3:39  SCV  
  40  3:42  Barracks Tech Lab  
  40  3:45  Barracks Tech Lab  
  40  3:47  Starport  
  40  3:48  Factory Tech Lab  
  40  3:49  SCV  
  40  3:51  SCV  
  42  3:59  Marine  
  42  4:01  SCV  
  44  4:03  Marine, SCV, Stimpack  
  44  4:04  Combat Shield  
  44  4:08  Supply Depot  
  46  4:14  SCV  
  46  4:15  SCV  
  48  4:17  Marine  
  48  4:20  Marine  
  48  4:21  Marine  
  51  4:25  Medivac  
  51  4:29  SCV x2  
  55  4:32  Supply Depot  
  55  4:35  Marine  
  55  4:37  Marine  
  57  4:38  Supply Depot  
  57  4:39  Marauder  
  59  4:48  SCV  
  60  4:53  Marine  
  60  4:54  SCV  
  60  4:55  Marine, Medivac  
  65  5:00  Supply Depot  
  65  5:01  Marauder  
  65  5:03  Supply Depot  
  65  5:04  SCV  
  65  5:05  Refinery  
  65  5:06  SCV  
  69  5:11  Refinery, Marauder  
  71  5:16  SCV  
  71  5:18  SCV  
  73  5:22  Marauder  
  75  5:28  SCV  
  75  5:29  Engineering Bay  
  75  5:30  SCV  
  75  5:33  Marauder  
  79  5:35  Engineering Bay  
  79  5:37  Command Center  
  79  5:41  SCV  
  80  5:44  Marauder  
  80  5:47  SCV  
  83  5:53  SCV  
  83  5:54  Marauder  
  83  5:56  Terran Infantry Weapons Level 1, Supply Depot  
  86  5:58  Missile Turret  
  86  5:59  SCV  
  87  6:05  Barracks Reactor, SCV, Marauder  
  87  6:06  Concussive Shells  
  90  6:13  Missile Turret  
  90  6:15  Marauder  
  90  6:18  Barracks  
  92  6:22  Supply Depot  
  92  6:23  Starport Reactor  
  92  6:26  Marauder  
  94  6:35  Missile Turret  
  94  6:37  Marauder  
  96  6:41  Marine  
  96  6:43  Marine  
  96  6:45  Supply Depot  
  98  6:48  SCV, Marauder  
  98  6:49  SCV x2  
  103  6:59  Viking, Medivac  
  103  7:00  Missile Turret, SCV  
  108  7:01  SCV x2  
  108  7:02  Missile Turret  
  110  7:11  Marauder  
  110  7:13  Orbital Command, SCV  
  113  7:15  SCV  
  113  7:16  Supply Depot  
  113  7:18  Marauder  
  116  7:24  Missile Turret  
  116  7:25  SCV  
  116  7:28  SCV  
  124  7:37  SCV  
  124  7:40  SCV  
  124  7:41  Supply Depot  
Tags
 
Add a new tag
Caveats
  • Supply blocks, unpowered buildings, or Contaminate may cause inaccurate times.
  • Supply counts are checked every 10 seconds.